 Dungeon Crawl Stone Soup version 0.23.2-11-gf996548 (webtiles) character file.

Game seed: 14755260844404015708

984 Fang the Skirmisher (level 8, -2/51 HPs)
             Began as a Gargoyle Berserker on June 4, 2019.
             Was a Believer of Trog.
             Slain by a gnoll
             ... wielding a +0 spear
              (3 damage)
             ... on level 5 of the Dungeon.
             The game lasted 00:02:54 (4248 turns).

Fang the Skirmisher (Gargoyle Berserker)            Turns: 4248, Time: 00:02:54

Health: -2/51      AC:  8    Str: 24    XL:     8   Next: 18%
Magic:  8/8        EV: 13    Int:  7    God:    Trog [**....]
Gold:   171        SH:  0    Dex:  9    Spells: 7/7 levels left

rFire    . . .     SeeInvis .   a - +0 hand axe
rCold    . . .     Gourm    .   (no shield)
rNeg     + + .     Faith    .   b - +0 animal skin
rPois    ∞         Spirit   .   (no helmet)
rElec    +         Reflect  .   (no cloak)
rCorr    .         Harm     .   (no gloves)
MR       .....                  (no boots)
Stlth    +.........             (no amulet)
HPRegen  0.17/turn              p - ring of positive energy
MPRegen  0.11/turn              (no ring)

@: glowing
A: negative energy resistance 1, electricity resistance, unbreathing,
petrification resistance, rot immunity, AC +5
a: Berserk, Trog's Hand, Renounce Religion


You were on level 5 of the Dungeon.
You worshipped Trog.
Trog was pleased with you.
You were near starving.

You visited 1 branch of the dungeon, and saw 5 of its levels.

You collected 171 gold pieces.

Inventory:

Hand Weapons
 a - a +0 hand axe (weapon)
Armour
 b - a +0 animal skin (worn)
Jewellery
 p - a ring of positive energy (left hand)
Wands
 r - a wand of iceblast (7)
Scrolls
 d - 6 scrolls of identify {unknown}
 g - 2 scrolls of noise {unknown}
 h - 2 scrolls of amnesia {unknown}
 i - 2 scrolls of teleportation {unknown}
 l - 2 scrolls of fear {unknown}
 m - a scroll of remove curse {unknown}
 o - a scroll of immolation {unknown}
Potions
 e - 2 potions of lignification {unknown}
 f - 2 potions of cancellation {unknown}
 j - a potion of curing {unknown}
 k - 2 potions of ambrosia {unknown}
 n - a potion of haste {unknown}
 q - a potion of degeneration {unknown}
 s - a potion of might {unknown}
Comestibles
 c - 7 rations


   Skills:
 + Level 6.0 Fighting
 + Level 4.9 Axes
 + Level 5.3 Armour
 + Level 4.1 Dodging


You had 7 spell levels left.
You didn't know any spells.
Your spell library was empty.

Dungeon Overview and Level Annotations

Branches:
Dungeon (5/15)
 Temple: D:4-7

Altars:
Ashenzari
Fedhas
Makhleb
Nemelex Xobeh
Ru
Trog
The Shining One


Innate Abilities, Weirdness & Mutations

You are resistant to torment.
Your stone body is resilient. (AC +5)
You are immune to poison.
You resist negative energy. (rN+)
You are resistant to electric shocks. (rElec)
You can survive without breathing.
You are immune to petrification.
You are immune to rotting.


Message History

You are too injured to fight recklessly!
You hit the gnoll shaman.
You kill the gnoll shaman!
Trog accepts your kill.
Your Fighting skill increases to level 6!
The gnoll hits you but does no damage. The gnoll completely misses you.
The gnoll hits you from afar with a +0 spear.
* * * LOW HITPOINT WARNING * * *
The gnoll hits you from afar with a +0 spear.
* * * LOW HITPOINT WARNING * * *
The gnoll hits you from afar with a +0 spear.
* * * LOW HITPOINT WARNING * * *
Things that are here:
a cursed -1 club; a +0 leather armour The gnoll misses you.
A ball python comes into view.
The gnoll hits you from afar with a +0 spear.
* * * LOW HITPOINT WARNING * * *
The gnoll hits you from afar with a +0 spear.
You die...

...............
##[.#.#.####.#
##.)#.#....#
[...#.####.# #
.##.#.# #.# #
.# ....#.# #.#
.##.#. ......#
#.# .S....
.#########.###
###...... .#
#.....#
#@.gg.... .###
#.....#
#))g..... ...#
#.....#
#.#####.. .#.#
#.....###..##
.#.#
#^..........#
...#
########..8?#
##.# #...[# .#
##..## .# #.##


You could see 3 gnolls and a ball python (wandering).

Vanquished Creatures
  A hornet (D:4)
  An ice beast (D:5)
  An ogre (D:4)
  A centaur (D:4)
  A bullfrog (D:4)
  A scorpion (D:4)
  A crimson imp (D:4)
  A hound (D:4)
  A bullfrog skeleton (D:4)
  A gnoll shaman (D:5)
  Jessica (D:3)
  A centaur skeleton (D:4)
  Natasha (thrice) (D:2)
  A worker ant (D:4)
  4 gnolls
  4 adders
  4 worms
  4 leopard geckos
  A ball python (D:2)
  6 bats
  5 giant cockroaches
  6 hobgoblins
  4 jackals (D:1)
  7 kobolds
  A quokka (D:3)
  7 frilled lizards
  8 goblins
  A jackal skeleton (D:4)
  6 rats
84 creatures vanquished.

Notes
Turn   | Place    | Note
-------+----------+-------------------------------------------
     0 | D:1      | Fang the Gargoyle Berserker began the quest for the Orb.
     0 | D:1      | Reached XP level 1. HP: 14/14 MP: 1/1
    94 | D:1      | Reached XP level 2. HP: 14/19 MP: 2/2
   533 | D:1      | Reached XP level 3. HP: 21/23 MP: 3/3
   661 | D:2      | Found a burning altar of Makhleb.
   711 | D:2      | Found a bloodstained altar of Trog.
   973 | D:2      | Found a blossoming altar of Fedhas.
  1048 | D:2      | Reached ** piety under Trog
  1196 | D:2      | Reached XP level 4. HP: 27/29 MP: 4/4
  1202 | D:2      | Noticed Natasha
  1216 | D:2      | Killed Natasha
  1216 | D:2      | Reached skill level 4 in Fighting
  1514 | D:2      | Noticed Natasha
  1519 | D:2      | Found a glowing golden altar of the Shining One.
  1542 | D:2      | Killed Natasha
  1542 | D:2      | Reached XP level 5. HP: 16/33 MP: 5/5
  2088 | D:2      | Noticed Natasha
  2100 | D:2      | Killed Natasha
  2141 | D:3      | Noticed Jessica
  2151 | D:3      | Killed Jessica
  2381 | D:3      | Reached XP level 6. HP: 28/39 MP: 6/6
  2560 | D:3      | Found a sacrificial altar of Ru.
  2805 | D:4      | Found a shattered altar of Ashenzari.
  3286 | D:4      | Found a sparkling altar of Nemelex Xobeh.
  3390 | D:4      | Reached skill level 5 in Fighting
  3390 | D:4      | Reached XP level 7. HP: 25/44 MP: 7/7
  3542 | D:4      | Reached *** piety under Trog
  3663 | D:4      | Noticed a hornet
  3672 | D:4      | Killed a hornet
  3672 | D:4      | Reached skill level 5 in Armour
  3870 | D:4      | Reached XP level 8. HP: 40/51 MP: 8/8
  3998 | D:5      | Entered Level 5 of the Dungeon
  4246 | D:5      | Reached skill level 6 in Fighting
  4248 | D:5      | HP: 1/51 [gnoll/+0 spear (4)]
  4248 | D:5      | Slain by a gnoll

Skill      XL: |  1  2  3  4  5  6  7  8 |
---------------+-------------------------+-----
Axes           | 3 4 |  4.9
Dodging        | 2 3 4 |  4.1
Fighting       | 4 5 6 |  6.0
Armour         | 3 4 5 |  5.3

Action                   |  1- 3 |  4- 6 |  7- 9 || total
-------------------------+-------+-------+-------++-------
Melee: Hand axe          |    87 |   210 |    73 ||   370
Invok: Berserk           |     1 |     3 |     3 ||     7
 Stab: Sleeping          |     1 |     1 |       ||     2
  Eat: Chunk             |     2 |     9 |     1 ||    12
       Ration            |       |       |     1 ||     1
Armor: Animal skin       |    41 |    70 |    30 ||   141
Dodge: Dodged            |    82 |   126 |    68 ||   276
